 Dungeon Crawl Stone Soup version 0.25-a0-294-gea9b1ad378 (webtiles) character file.

Game seed: 10945013120420224, levelgen mode: classic

573 Borgoz the Cudgeler (level 7, 0/44 HPs)
             Began as a Gargoyle Berserker on Dec 19, 2019.
             Was a Believer of Trog.
             Slain by an ice beast (13 damage)
             ... on level 5 of the Dungeon.
             The game lasted 00:05:28 (4327 turns).

Borgoz the Cudgeler (Gargoyle Berserker)            Turns: 4327, Time: 00:05:29

Health: 0/44       AC: 10    Str: 20    XL:     7   Next: 34%
Magic:  7/7        EV: 12    Int:  8    God:    Trog [**....]
Gold:   177        SH:  0    Dex: 11    Spells: 6/6 levels left

rFire    + . .     SeeInvis .   a - +0 mace
rCold    . . .     Gourm    .   (no shield)
rNeg     + . .     Faith    .   k - +0 ring mail
rPois    ∞         Spirit   .   (no helmet)
rElec    +         Reflect  .   (no cloak)
rCorr    .         Harm     .   (no gloves)
MR       .....                  (no boots)
Stlth    +.........             (no amulet)
HPRegen  0.14/turn              l - ring of protection from fire
MPRegen  0.10/turn              (no ring)

@: no status effects
A: negative energy resistance 1, electricity resistance, unbreathing,
petrification resistance, rot immunity, AC +4
a: Berserk, Trog's Hand, Renounce Religion


You were on level 5 of the Dungeon.
You worshipped Trog.
Trog was pleased with you.
You were not hungry.

You visited 1 branch of the dungeon, and saw 5 of its levels.

You collected 177 gold pieces.

Inventory:

Hand Weapons
 a - a +0 mace (weapon)
Armour
 k - a +0 ring mail (worn)
Jewellery
 l - a ring of protection from fire (left hand)
 s - an uncursed ring of flight
Wands
 t - a wand of polymorph (11)
 A - a wand of flame (20)
 C - a wand of paralysis (11)
Scrolls
 e - a scroll of teleportation
 g - 3 scrolls of remove curse
 h - a scroll of immolation {unknown}
 m - a scroll of amnesia {unknown}
 w - a scroll of random uselessness {unknown}
 z - a scroll of enchant armour {unknown}
Potions
 b - a potion of resistance
 i - a potion of magic {unknown}
 j - a potion of curing
 n - 2 potions of invisibility
 o - a potion of lignification {unknown}
 p - a potion of agility {unknown}
 q - a potion of flight {unknown}
 r - a potion of degeneration {unknown}
 u - 3 potions of heal wounds
 v - 3 potions of might {unknown}
 x - a potion of berserk rage {unknown}
 B - 2 potions of ambrosia {unknown}
Comestibles
 c - 4 rations


   Skills:
 + Level 4.8 Fighting
 + Level 5.0 Maces & Flails
 + Level 4.8 Armour
 + Level 3.5 Dodging


You had 6 spell levels left.
You didn't know any spells.
Your spell library was empty.

Dungeon Overview and Level Annotations

Branches:
Dungeon (5/15)
 Temple: D:4-7

Altars:
Elyvilon
Nemelex Xobeh

Shops:
D:4 (

Annotations:
D:4 Pikel


Innate Abilities, Weirdness & Mutations

You are resistant to torment.
Your stone body is resilient. (AC +4)
You are immune to poison.
You resist negative energy. (rN+)
You are resistant to electric shocks. (rElec)
You can survive without breathing.
You are immune to petrification.
You are immune to rotting.


Message History

You hit the slave.
You kill the slave!
That felt strangely unrewarding.
The ice beast closely misses you.
You barely miss the ice beast.
The ice beast is heavily wounded.
A jackal comes into view.
The ice beast hits you but does no damage.
You closely miss the ice beast.
The ice beast is heavily wounded.
The ice beast hits you but does no damage.
You closely miss the ice beast.
The ice beast is moderately wounded.
A crimson imp comes into view. It is carrying a wand of iceblast (8).
The ice beast hits you. The ice beast freezes you!
You hit the ice beast.
The ice beast is heavily wounded.
The ice beast hits you.
* * * LOW HITPOINT WARNING * * *
The ice beast freezes you!
You die...

≈≈≈≈ .....
###>...
####.....
#....g.#
#......#
#.....h######
#....5OhY@..#
#.....#####.#
#.†.........#
#######.....#
....[# ....#
....# ####


You could see an ice beast, an ogre, a crimson imp and 2 jackals.

Vanquished Creatures
  A slave (D:5)
  A phantom (D:4)
  A scorpion (D:5)
  A hound (D:4)
  A gnoll shaman (D:5)
  2 iguanas
  Natasha (thrice) (D:4)
  10 gnolls
  7 adders
  An ooze (D:1)
  3 worms
  A dart slug (D:1)
  2 leopard geckos
  4 orcs
  5 bats
  A giant cockroach (D:4)
  10 goblins
  7 hobgoblins
  6 jackals (D:5)
  3 quokkas
  2 ball pythons
  3 frilled lizards
  5 kobolds (D:1)
  A quokka zombie (D:5)
  6 rats
87 creatures vanquished.

Vanquished Creatures (others)
  A quokka (D:4)
1 creature vanquished.

Grand Total: 88 creatures vanquished

Notes
Turn   | Place    | Note
-------+----------+-------------------------------------------
     0 | D:1      | Borgoz the Gargoyle Berserker began the quest for the Orb.
     0 | D:1      | Reached XP level 1. HP: 14/14 MP: 1/1
   391 | D:1      | Reached XP level 2. HP: 19/19 MP: 2/2
   619 | D:1      | Reached XP level 3. HP: 15/23 MP: 3/3
  1262 | D:2      | Reached ** piety under Trog
  1363 | D:2      | Reached XP level 4. HP: 14/28 MP: 4/4
  2465 | D:3      | Reached skill level 4 in Maces & Flails
  2465 | D:3      | Reached XP level 5. HP: 32/32 MP: 5/5
  2522 | D:3      | Found a sparkling altar of Nemelex Xobeh.
  2608 | D:4      | Noticed Natasha
  2616 | D:4      | Killed Natasha
  2679 | D:4      | Got a shadowed robe
  2692 | D:4      | Identified the cursed +0 robe "Deuz Kesy" {rN+ MP+9 Stlth-}
                  | (You found it on level 4 of the Dungeon)
  2728 | D:4      | Noticed Natasha
  2730 | D:4      | Found a white marble altar of Elyvilon.
  2738 | D:4      | Killed Natasha
  3286 | D:4      | Found Heonaorph's Weapon Boutique.
  3315 | D:4      | Reached XP level 6. HP: 36/38 MP: 6/6
  3337 | D:4      | Noticed Natasha
  3347 | D:4      | Killed Natasha
  3451 | D:4      | Found a sparkling altar of Nemelex Xobeh.
  3456 | D:4      | Noticed a phantom
  3581 | D:4      | Killed a phantom
  3864 | D:5      | Entered Level 5 of the Dungeon
  3864 | D:5      | Noticed Pikel
  3864 | D:5      | Noticed a slave
  3864 | D:5      | Noticed a slave
  3864 | D:5      | Noticed a slave
  3864 | D:5      | Noticed a slave
  4215 | D:5      | Reached XP level 7. HP: 44/44 MP: 7/7
  4303 | D:5      | Reached skill level 5 in Maces & Flails
  4327 | D:5      | Slain by an ice beast

Levels and vault maps discovered:
D:1:      eino_arrival_druids_welcome, layout_basic, minmay_3d_cube
D:2:      layout_rooms, first_ration
D:3:      layout_loops_cross, hangedman_abyss_or_decor_stabs,
          nemelex_lonely_heart_becter
D:4:      wander_river, layout_basic, nemelex_altar_shiori, elyvilon_altar_4,
          serial_shops, nicolae_shop_temple_entry_statues_fountains,
          uniq_natasha
D:5:      lemuel_castle_with_subvaults [lemuel_castle_interior_carwin_2],
          layout_basic, nicolae_overflow_crystal_walls,
          grunt_temple_overflow_open, serial_shops, shop, uniq_pikel,
          uniq_crazy_yiuf_cottage

Skill      XL: |  1  2  3  4  5  6  7 |
---------------+----------------------+-----
Dodging        | 2 3 |  3.5
Armour         | 3 4 |  4.8
Maces & Flails | 4 5 |  5.0
Fighting       | 4 |  4.8

Action                   |  1- 3 |  4- 6 |  7- 9 || total
-------------------------+-------+-------+-------++-------
Melee: Mace              |    87 |   173 |    77 ||   337
Invok: Berserk           |       |     6 |       ||     6
       Trog's Hand       |       |     1 |     1 ||     2
  Use: Scroll            |       |     4 |     4 ||     8
       Potion            |       |       |     4 ||     4
 Stab: Sleeping          |     1 |       |       ||     1
       Invisible         |       |       |     4 ||     4
  Eat: Chunk             |     1 |    11 |       ||    12
       Ration            |       |     1 |     1 ||     2
Armor: Animal skin       |    23 |       |       ||    23
       Ring mail         |    17 |    89 |    40 ||   146
Dodge: Dodged            |    67 |   121 |    81 ||   269

Table legend:
 A = Non-vault XP
 B = Vault XP
 C = Vault XP percentage of total XP
 D = Non-vault monster count
 E = Vault monster count
 F = Vault count percentage of total count
                 A         B        C        D         E       F
            +---------+---------+-------+---------+---------+-------
      Total |     622 |     197 |  24.1 |      69 |      17 |  19.8
            +---------+---------+-------+---------+---------+-------
        D:1 |      35 |       9 |  20.5 |      19 |       2 |   9.5
        D:2 |      54 |       0 |   0.0 |      13 |       0 |   0.0
        D:3 |      75 |       0 |   0.0 |      15 |       0 |   0.0
        D:4 |     348 |      35 |   9.1 |      17 |       1 |   5.6
        D:5 |     110 |     153 |  58.2 |       5 |      14 |  73.7
            +---------+---------+-------+---------+---------+-------
